 Dungeon Crawl Stone Soup version 0.17.0-23-g0de4337 (webtiles) character file.

8161 imganon the Destroyer (level 11, -2/68 HPs)
             Began as a Demonspawn Wizard on Nov 13, 2015.
             Was an Elder of Vehumet.
             Slain by a white ugly thing (17 damage)
             ... on level 11 of the Dungeon.
             The game lasted 01:00:43 (19583 turns).

imganon the Destroyer (Demonspawn Wizard)          Turns: 19583, Time: 01:00:43

Health: -2/68      AC: 10    Str:  8    XL:     11   Next: 6%
Magic:  10/25      EV: 12    Int: 23    God:    Vehumet [****..]
Gold:   616        SH:  0    Dex: 16    Spells: 7 memorised, 13 levels left

rFire  . . .     SeeInvis +     C - +1 short sword (freeze)
rCold  . . .     Clarity  .     a - +0 robe
rNeg   + . .     SustAt   .     (no shield)
rPois  .         Gourm    .     b - +0 hat
rElec  .         Spirit   .     U - +0 cloak
rCorr  .         Warding  +     V - +1 pair of gloves
rMut   .         Stasis   .     z - +1 pair of boots
MR     +....                    N - macabre finger necklace {Ward rN+}
Stlth  +++.......               p - ring of see invisible
                                A - ring of protection from magic
                                (no ring)

@: agile, somewhat resistant to hostile enchantments, fairly stealthy
A: antennae 2, thin metallic scales 2, powered by pain 2
a: Renounce Religion


You were on level 11 of the Dungeon.
You worshipped Vehumet.
Vehumet was greatly pleased with you.
You were not hungry.

You visited 2 branches of the dungeon, and saw 12 of its levels.
You also visited: Ossuary.

You collected 616 gold pieces.

Inventory:

Hand Weapons
 C - a +1 short sword of freezing (weapon)
Armour
 a - a +0 robe (worn)
 b - a +0 hat (worn)
 z - a +1 pair of boots (worn)
 U - a +0 cloak (worn)
 V - a +1 pair of gloves (worn)
Jewellery
 p - a ring of see invisible (right hand)
 w - an uncursed amulet of rage
 A - a ring of protection from magic (left hand)
 M - an uncursed amulet of resist mutation {unknown}
 N - the macabre finger necklace (around neck) {Ward rN+}
   (You found it on level 9 of the Dungeon)

   [amulet of warding]

   It may prevent the melee attacks of summoned creatures.
   It protects you from negative energy.
Wands
 l - a wand of polymorph (0)
 x - a wand of frost (4)
 y - a wand of cold (8)
 K - a wand of disintegration (8)
 L - a wand of confusion (32)
 P - a wand of confusion (27)
 Q - a wand of draining (9)
 W - a wand of lightning (2)
 Y - a wand of fireball (6)
Scrolls
 g - 2 scrolls of enchant weapon
 i - 12 scrolls of identify
 m - 3 scrolls of enchant armour
 o - a scroll of recharging
 s - 4 scrolls of remove curse
 t - 5 scrolls of teleportation
 u - 2 scrolls of amnesia
 v - a scroll of summoning {unknown}
 T - a scroll of brand weapon {unknown}
Potions
 e - 6 potions of curing
 h - 4 potions of might {unknown}
 j - 2 potions of resistance {unknown}
 k - 2 potions of heal wounds
 n - 3 potions of agility {unknown}
 q - a potion of cure mutation {unknown}
 r - 2 potions of lignification {unknown}
 B - 2 potions of flight {unknown}
 D - 2 potions of invisibility {unknown}
 E - 2 potions of ambrosia {unknown}
 G - 3 potions of degeneration {unknown}
 H - a potion of poison {unknown}
 I - 2 potions of berserk rage {unknown}
 J - a potion of brilliance {unknown}
Books
 c - a book of Minor Magic

   Spells                             Type                      Level
   a - Magic Dart                     Conjuration                  1
   b - Blink                          Translocation                2
   c - Call Imp                       Summoning                    2
   d - Repel Missiles                 Charms/Air                   2
   e - Slow                           Hexes                        2
   f - Conjure Flame                  Conjuration/Fire             3
   g - Mephitic Cloud                 Conjuration/Poison/Air       3
 R - a book of Debilitation

   Spells                             Type                      Level
   a - Corona                         Hexes                        1
   b - Slow                           Hexes                        2
   c - Gell's Gravitas                Hexes/Translocation          3
   d - Inner Flame                    Hexes/Fire                   3
   e - Cause Fear                     Hexes                        4
   f - Leda's Liquefaction            Hexes/Earth                  4
 S - a book of Geomancy

   Spells                             Type                      Level
   a - Sandblast                      Earth                        1
   b - Stoneskin                      Transmutation/Earth          2
   c - Passwall                       Transmutation/Earth          3
   d - Stone Arrow                    Conjuration/Earth            3
   e - Petrify                        Transmutation/Earth          4
   f - Lee's Rapid Deconstruction     Earth                        5
Comestibles
 d - 5 bread rations
 f - 5 meat rations
 F - 2 royal jellies
 O - 6 beef jerkies
 X - a slice of pizza


   Skills:
 - Level 1.7 Dodging
 - Level 1.7 Stealth
 - Level 10.2 Spellcasting
 + Level 11.6 Conjurations
   Level 1.0 Summonings
 - Level 5.0 Translocations
 - Level 2.0 Fire Magic
 - Level 2.0 Air Magic


You had 13 spell levels left.
You knew the following spells:

 Your Spells              Type           Power        Failure   Level  Hunger
a - Magic Dart            Conj           ####         1%          1    None
b - Blink                 Tloc           N/A          1%          2    None
c - Mephitic Cloud        Conj/Pois/Air  ####....     1%          3    None
d - Conjure Flame         Conj/Fire      #####...     1%          3    None
e - Static Discharge      Conj/Air       #####...     1%          3    None
f - Repel Missiles        Chrm/Air       ###...       6%          2    None
g - Stone Arrow           Conj/Erth      #####.       1%          3    None


Dungeon Overview and Level Annotations

Branches:
Dungeon (11/15)            Temple (1/1) D:6             Orc (0/4) D:10
   Lair: D:8-11

Altars:
Ashenzari
Cheibriados
Dithmenos
Elyvilon
Fedhas
Gozag
Kikubaaqudgha
Makhleb
Nemelex Xobeh
Okawaru
Qazlal
Ru
Sif Muna
Trog
Vehumet
Xom
Yredelemnul
Zin
The Shining One

Shops:
D:4 *   D:6 *

Annotations:
D:2 Robin
D:5 1 runed door, Dowan; Duvessa; kosy22's ghost, novice TrFi
D:6 exclusion: oklob plant


Innate Abilities, Weirdness & Mutations

You have a pair of antennae on your head.
You are mostly covered in thin metallic scales (AC +3).
You sometimes gain power by taking damage.


Message History

Confirm with . or Enter, or press ? or * to list all spells.
You blink.
The white ugly thing gores you but does no damage.
Casting: Blink
Confirm with . or Enter, or press ? or * to list all spells.
You blink.
A centaur comes into view.
The centaur shouts!
The centaur wields a shortbow.
The centaur shoots an arrow.
The arrow hits you.
* * * LOW HITPOINT WARNING * * *
You see here an arrow.
The centaur shoots an arrow.
The arrow hits you.
* * * LOW HITPOINT WARNING * * *
The white ugly thing closely misses you.
You found a teleport trap!
The teleport trap disappears.
The centaur disappears!
The white ugly thing gores you but does no damage.
There is a stone staircase leading up here.
The white ugly thing gores you!
You die...

#.##..............#####..
#.##...#######....Z..Z.([
#. #............#.######.
##..##########.# #. #.>#
######.######. #..#
#§Z.Z......... #..#
#.####.####### #..#####.#
#.# #...@uZ..# #.#
##.##########.#
#............#
##############


You could see a white ugly thing and a hornet zombie.

Vanquished Creatures
  The ghost of cireshan the Thaumaturge, a novice DECj of Sif Muna (D:10)
  2 trolls
  Prince Ribbit (D:8)
  2 wyverns
  3 yaks (D:10)
  2 hungry ghosts
  A hippogriff (D:9)
  The ghost of HaroldButt the Chiller, an amateur MfIE (D:4)
  2 water moccasins
  3 ice beasts
  2 sky beasts
  2 eyes of draining
  5 orc warriors
  2 phantoms (D:6)
  3 ogres
  A necrophage (D:10)
  4 centaurs
  2 elf zombies (Ossuary)
  A gnoll sergeant (D:8)
  A big kobold (D:10)
  A brain worm (D:11)
  7 giant frogs
  2 scorpions
  10 wights
  A killer bee (D:10)
  A centaur skeleton (D:8)
  5 hounds
  A quasit (D:6)
  3 jellies
  16 orc priests
  2 crimson imps
  4 human zombies (Ossuary)
  4 iguanas
  16 orc wizards
  Jessica (D:2)
  14 worker ants
  A big kobold zombie (Ossuary)
  A hound zombie (D:5)
  2 mummies (Ossuary)
  2 hound skeletons
  A worker ant zombie (D:8)
  9 adders
  11 gnolls
  4 adder zombies
  4 adder skeletons
  5 worms
  6 giant geckos
  48 orcs
  13 bats
  13 giant cockroaches
  7 hobgoblins
  8 jackals
  A ball python (D:3)
  A giant gecko zombie (D:5)
  7 giant newts
  16 goblins
  3 goblin zombies (Ossuary)
  6 hobgoblin zombies (Ossuary)
  6 kobolds
  10 kobold zombies (Ossuary)
  8 orc zombies (Ossuary)
  5 quokkas
  7 rats
  A rat zombie (Ossuary)
335 creatures vanquished.

Vanquished Creatures (collateral kills)
  2 worker ants (D:5)
  A giant cockroach (D:5)
3 creatures vanquished.

Vanquished Creatures (others)
  A wyvern skeleton (D:10)
  2 fulminant prisms (D:10)
3 creatures vanquished.

Grand Total: 341 creatures vanquished

Notes
Turn   | Place    | Note
--------------------------------------------------------------
     0 | D:1      | imganon the Demonspawn Wizard began the quest for the Orb.
     0 | D:1      | Reached XP level 1. HP: 13/13 MP: 4/4
   240 | D:1      | Gained mutation: You are partially covered in thin metallic scales (AC +2). [demonic ancestry]
   240 | D:1      | Reached XP level 2. HP: 17/19 MP: 3/6
   602 | D:2      | Noticed Robin
  1325 | D:2      | Reached XP level 3. HP: 24/24 MP: 3/7
  1851 | D:2      | Noticed Jessica
  1854 | D:2      | Killed Jessica
  1854 | D:2      | Reached skill level 4 in Conjurations
  1854 | D:2      | Gained mutation: You sometimes gain a little power by taking damage. [demonic ancestry]
  1854 | D:2      | Reached XP level 4. HP: 28/30 MP: 4/8
  1932 | D:2      | Found a stormy altar of Qazlal.
  3215 | D:3      | Noticed an eye of draining
  3226 | D:3      | Found a bloodstained altar of Trog.
  3250 | D:3      | Killed an eye of draining
  3250 | D:3      | Reached skill level 5 in Conjurations
  3250 | D:3      | Reached XP level 5. HP: 35/35 MP: 0/9
  3959 | D:4      | Reached skill level 6 in Conjurations
  3959 | D:4      | Gained mutation: You have a pair of small antennae on your head. [demonic ancestry]
  3959 | D:4      | Reached XP level 6. HP: 39/41 MP: 4/10
  3971 | D:3      | Learned a level 2 spell: Blink
  3975 | D:3      | Learned a level 3 spell: Mephitic Cloud
  3979 | D:3      | Learned a level 3 spell: Conjure Flame
  4268 | D:4      | Found a blossoming altar of Fedhas.
  4337 | D:4      | Reached skill level 7 in Conjurations
  4995 | D:4      | Gained mutation: You have a pair of antennae on your head. [demonic ancestry]
  4995 | D:4      | Reached XP level 7. HP: 35/46 MP: 0/11
  5148 | D:4      | Found Guinke's Assorted Antiques.
  5178 | D:4      | Noticed HaroldButt's ghost (amateur MfIE)
  6253 | D:4      | Killed HaroldButt's ghost
  6253 | D:4      | Reached skill level 8 in Conjurations
  6840 | D:5      | Entered Level 5 of the Dungeon
  6840 | D:5      | Noticed kosy22's ghost (novice TrFi)
  6872 | D:5      | Found a glowing golden altar of the Shining One.
  7048 | D:5      | Found a runed door.
  7060 | D:5      | Found a runed door.
  7258 | D:5      | Noticed Duvessa
  7273 | D:5      | Noticed Dowan
  7325 | D:4      | Reached skill level 9 in Conjurations
  7730 | D:5      | Gained mutation: You sometimes gain power by taking damage. [demonic ancestry]
  7730 | D:5      | Reached XP level 8. HP: 52/52 MP: 0/12
  8314 | D:5      | Reached skill level 10 in Conjurations
  8963 | D:6      | Found a staircase to the Ecumenical Temple.
  9055 | Temple   | Entered the Ecumenical Temple
  9256 | Temple   | Became a worshipper of Vehumet
  9301 | D:6      | Found Qadijio's General Store.
  9314 | D:6      | Noticed an oklob plant
  9947 | D:6      | Reached skill level 5 in Spellcasting
 10291 | D:6      | Found a burning altar of Makhleb.
 10727 | D:7      | Found a sand-covered staircase.
 10749 | Ossuary  | Entered an ossuary
 10930 | Ossuary  | Reached * piety under Vehumet
 10930 | Ossuary  | Offered knowledge of Flame Tongue by Vehumet.
 11165 | Ossuary  | Gained mutation: You are mostly covered in thin metallic scales (AC +3). [demonic ancestry]
 11165 | Ossuary  | Reached XP level 9. HP: 39/57 MP: 7/18
 11967 | D:7      | Offered knowledge of Sting by Vehumet.
 11976 | D:7      | Reached ** piety under Vehumet
 12033 | D:7      | Found a sparkling altar of Nemelex Xobeh.
 12111 | D:7      | Reached skill level 1 in Translocations
 14094 | D:8      | Noticed Prince Ribbit
 14113 | D:8      | Killed Prince Ribbit
 14233 | D:8      | Found a glowing silver altar of Zin.
 14331 | D:8      | Found a shattered altar of Ashenzari.
 14465 | D:8      | Reached XP level 10. HP: 58/63 MP: 15/22
 14473 | D:8      | Offered knowledge of Static Discharge by Vehumet.
 14564 | D:8      | Learned a level 3 spell: Static Discharge
 14567 | D:8      | Learned a level 2 spell: Repel Missiles
 14719 | D:8      | Found an iron altar of Okawaru.
 14877 | D:8      | Reached *** piety under Vehumet
 14877 | D:8      | Reached skill level 5 in Translocations
 15438 | D:9      | Reached skill level 1 in Fire Magic
 15785 | D:9      | Offered knowledge of Stone Arrow by Vehumet.
 15814 | D:8      | Learned a level 3 spell: Stone Arrow
 15855 | D:8      | Reached skill level 1 in Air Magic
 16892 | D:10     | Entered Level 10 of the Dungeon
 17067 | D:10     | Found an opulent altar of Gozag.
 17071 | D:10     | Reached **** piety under Vehumet
 17493 | D:10     | Offered knowledge of Olgreb's Toxic Radiance by Vehumet.
 17847 | D:10     | Noticed cireshan's ghost (novice DECj)
 17977 | D:10     | Found a staircase to the Orcish Mines.
 18161 | D:10     | Reached skill level 10 in Spellcasting
 18267 | D:10     | Killed cireshan's ghost
 18267 | D:10     | Reached skill level 11 in Conjurations
 19250 | D:11     | Reached XP level 11. HP: 68/68 MP: 13/25
 19532 | D:11     | Noticed a white ugly thing
 19583 | D:11     | Slain by a white ugly thing

Action                   |  1- 3 |  4- 6 |  7- 9 | 10-12 || total
-------------------------+-------+-------+-------+-------++-------
Melee: Unarmed           |    14 |       |       |       ||    14
       Dagger            |       |    44 |     6 |       ||    50
       Short sword       |       |       |    24 |       ||    24
 Cast: Magic Dart        |   120 |   185 |   785 |   355 ||  1445
       Mephitic Cloud    |       |     3 |    14 |    11 ||    28
       Conjure Flame     |       |       |     1 |       ||     1
       Stone Arrow       |       |       |       |    76 ||    76
       Blink             |       |       |       |     8 ||     8
       Static Discharge  |       |       |       |     3 ||     3
       Repel Missiles    |       |       |       |     1 ||     1
Evoke: Wand              |       |     1 |    10 |       ||    11
  Use: Scroll            |       |     1 |    11 |       ||    12
       Potion            |       |       |     3 |     1 ||     4
  Eat: Chunk             |     1 |     7 |     8 |     8 ||    24
       Beef jerky        |     1 |       |     2 |       ||     3
       Pizza             |       |     2 |       |       ||     2
       Meat ration       |       |       |     1 |     1 ||     2
       Bread ration      |       |       |     3 |     1 ||     4
